cohdb
Replays
Latest Replays
All Replays
Popular Replays
Top Player Replays
Match Explorer
How It Works
Community
CoH3 Stats
Reddit
Sign in to upload your games and track your stats! →
Sign in with Steam
Match 45132608
Unlisted
Match 45132608
Overview
Messages
Build Orders
End
Construct Section Command Post
Royal Engineer Section
Selects Indian Artillery Battlegroup
Infantry Section
Infantry Section
ML 3-inch Mortar Team
Construct Field Infirmary
Vickers Machine Gun Team
Infantry Section
Construct Platoon Command Post
6-pounder Anti-tank Gun Team
Selects Valour
Infantry Training
Selects Gurkha Rifles Section
Gurkha Rifles Section
Grenade Package
6-pounder Anti-tank Gun Team
Team Weapon Training
Selects Volunteer Infantry
6-pounder Anti-tank Gun Team
Construct Company Command Post
Matilda II Heavy Tank
Royal Engineer Section
MasterStef
LilDick
0
0
Comments
sign in to comment!
No comments posted yet!